Map: Magannatha LE

Players

shadowXfox - Winner!

  • Race: Zerg Zerg
  • Spawn Location: 11:00

A.I. 1 (Medium)

  • Race: Terran Terran
  • Spawn Location: 5:00

VOD

Have the link to the VOD?

Description

Time

  • Played on: Aug. 22, 2025, 12:15 p.m.
  • Length: 7:16
Show
View Real Time Build Order
Export as new Build Order

shadowXfox Zerg - Winner!

Build Orders: Pool First 

Get SALT Encoding   

  12  0:01  Drone  
  13  0:24  Spawning Pool  
  13  0:27  Drone  
  13  0:30  Drone  
  14  0:38  Overlord  
  14  1:10  Drone x3  
  17  1:11  Queen  
  19  1:22  Drone  
  20  1:27  Extractor  
  20  1:32  Overlord  
  19  1:43  Drone  
  20  1:47  Queen  
  22  1:54  Drone  
  23  2:05  Roach Warren  
  22  2:13  Drone  
  23  2:17  Drone  
  24  2:23  Extractor, Drone x3  
  26  2:41  Hatchery  
  25  2:47  Drone  
  25  2:49  Lair  
  26  2:53  Roach  
  28  3:00  Drone x2  
  28  3:04  Overlord x2  
  30  3:17  Evolution Chamber  
  29  3:30  Drone  
  29  3:31  Drone x4  
  34  3:43  Roach  
  36  3:52  Queen  
  38  3:57  Zerg Missile Weapons Level 1  
  38  4:01  Drone  
  38  4:02  Drone x4  
  43  4:05  Drone  
  44  4:12  Queen  
  46  4:29  Roach  
  46  4:30  Roach x2  
  52  4:40  Overlord x3  
  52  5:04  Roach x8  
  68  5:11  Evolution Chamber  
  67  5:21  Infestation Pit  
  67  5:22  Drone x2  
  68  5:33  Drone x5  
  73  5:38  Hatchery  
  72  5:52  Roach  
  72  5:53  Roach  
  72  5:56  Overlord x3  
  76  6:01  Hive  
Show
View Real Time Build Order
Export as new Build Order

A.I. 1 (Medium) Terran 

Build Orders:  

Get SALT Encoding   

  12  0:00  SCV  
  13  0:13  SCV  
  14  0:18  Supply Depot  
  14  0:25  SCV  
  15  0:40  SCV  
  16  0:43  Barracks  
  16  0:50  Refinery  
  16  0:52  SCV  
  17  1:04  SCV  
  18  1:17  Supply Depot  
  18  1:30  Marine  
  18  1:32  Barracks, Orbital Command  
  19  1:40  Refinery  
  19  1:50  Marine  
  20  1:55  Factory  
  20  2:09  Barracks Tech Lab  
  20  2:27  Marine, Supply Depot  
  21  2:43  Marine  
  22  3:01  Marauder  
  24  3:08  Supply Depot  
  24  3:10  SCV  
  25  3:15  Hellion  
  27  3:22  SCV  
  27  3:23  Engineering Bay  
  28  3:34  SCV  
  28  3:36  Hellion  
  31  3:46  Marauder  
  31  3:47  SCV  
  34  3:50  Supply Depot  
  34  3:59  SCV  
  34  4:02  Hellion  
  37  4:11  SCV  
  38  4:23  Hellion  
  40  4:45  Hellion  
  42  6:26  Marine  
  39  6:33  Marine  
  39  6:34  SCV  
  32  6:44  Marine  
  32  6:47  SCV  
  26  6:51  Marine  
  26  6:52  Factory Tech Lab, Factory  
  25  6:56  Command Center  
  25  6:59  SCV  
  8  7:09  Sensor Tower  
Tags
 
Matchup
TvZ
Opening
Pool First
Spawn Locations
Cross Positions
Add a new tag
Caveats
  • Supply blocks, unpowered buildings, or Contaminate may cause inaccurate times.
  • Supply counts are checked every 10 seconds.